 Dungeon Crawl Stone Soup version 0.29.1-12-g30fa7ad0bf (webtiles) character file.

Game seed: 18298945912152826813

82 112233 the Vexing (level 4, -2/17 HPs)
             Began as a Felid Enchanter on Dec 22, 2022.
             Succumbed to Crazy Yiuf's poison
             ... on level 3 of the Dungeon.
             The game lasted 00:04:42 (5030 turns).

112233 the Vexing (Felid Enchanter)                 Turns: 5030, Time: 00:04:43

Health: -2/17      AC:  1    Str:  4    XL:     4   Next: 21%
Magic:  6/8        EV: 18    Int: 18    God:
Gold:   115        SH:  0    Dex: 17    Spells: 0/8 levels left
                                        Lives:  0   Deaths: 1

rFire   . . .      SeeInvis +     - Unarmed
rCold   . . .      Faith    .   (shield unavailable)
rNeg    . . .      Spirit   .   (body armour unavailable)
rPois   .          Reflect  .   (helmet unavailable)
rElec   .          Harm     .   (cloak unavailable)
rCorr   .          Rampage  .   (gloves unavailable)
Will    .....                   (boots unavailable)
Stlth   +++.......              (no amulet)
HPRegen 0.05/turn               k - ring of wizardry
MPRegen 0.11/turn               (no ring)

@: lethally poisoned (-2 -> -19), confusing by touch, quick
A: very small, claws 1, fangs 3, see invisible, speed 1, shaggy fur 1, stealthy
paws, no weapons or thrown items, no armour, multi-lived, horns 1, frail 1,
MP-powered wands
a: no special abilities


You were on level 3 of the Dungeon.
You visited 1 branch of the dungeon, and saw 5 of its levels.

You collected 115 gold pieces.

Inventory:

Jewellery
 k - a ring of wizardry (left paw)
Wands
 e - a wand of iceblast (11)
Scrolls
 b - 2 scrolls of immolation {unknown}
 c - 5 scrolls of identify {unknown}
 d - 2 scrolls of enchant armour {unknown}
 f - 4 scrolls of enchant weapon {unknown}
 g - a scroll of butterflies {unknown}
 h - 3 scrolls of teleportation {unknown}
 i - a scroll of amnesia {unknown}
 l - a scroll of vulnerability {unknown}
 m - 2 scrolls of noise {unknown}
Potions
 a - 4 potions of invisibility
 j - 2 potions of haste
 n - a potion of degeneration {unknown}
 o - a potion of lignification {unknown}


   Skills:
 + Level 1.2 Fighting
 * Level 4.1 Dodging
 - Level 4.0 Stealth
 - Level 1.0 Unarmed Combat
 + Level 2.6 Spellcasting
 + Level 7.0 Hexes


You couldn't memorise any spells.
You knew the following spells:

 Your Spells              Type           Power      Damage    Failure   Level
a - Ensorcelled Hibernat  Hex/Ice        28%        N/A       2%          2
b - Confusing Touch       Hex            27%        N/A       1%          3
c - Tukima's Dance        Hex            27%        N/A       1%          3

Your spell library contained the following spells:

 Spells                   Type           Power      Damage    Failure   Level
 Dazzling Flash           Conj/Hex       28%        N/A       4%          3
 Sandblast                Erth           4%         2d4       7%          1
 Passwall                 Tmut/Erth      1%         N/A       11%         2
 Sublimation of Blood     Necr           2%         N/A       11%         2
 Stone Arrow              Conj/Erth      4%         3d7       21%         3
 Petrify                  Tmut/Erth      2%         N/A       52%         4
 Irradiate                Conj/Tmut      1%         3d12      86%         5


Dungeon Overview and Level Annotations

Branches:
Dungeon (5/15)
 Temple: D:4-7

Altars:

Annotations:
D:3 exclusion: upstairs, Crazy Yiuf


Innate Abilities, Weirdness & Mutations

You have sharp claws.
You have razor-sharp teeth.
You have supernaturally acute eyesight. (SInv)
You cover ground quickly. (Speed+)
You are covered in fur. (AC +1)
Your paws help you pounce on unaware monsters.
You are incapable of wielding weapons or throwing items.
You cannot wear armour.
You gain extra lives every three experience levels.
You have a pair of small horns on your head.
You are frail. (-10% HP)
You expend magic power (3 MP) to strengthen your wands.


Message History

Aiming: Ensorcelled Hibernation (safe; 2% risk of failure)
Press: ? - help, Shift-Dir - straight line, f/p - Crazy Yiuf
Aim: Crazy Yiuf, wielding a +4 quarterstaff of chaos, wearing a +0 cloak and carrying a wand of quicksilver (5) (chance to affect: 56%) Crazy Yiuf looks drowsy...
There is an open translucent door here.
You pounce on the unaware helpless Crazy Yiuf!
You claw Crazy Yiuf!
You headbutt Crazy Yiuf, but do no damage.
Crazy Yiuf is severely wounded.
Crazy Yiuf yells, "Flower Xom senile!"
Crazy Yiuf misses you.
Unknown command.
Casting: Ensorcelled Hibernation (safe; 2% risk of failure)
Confirm with . or Enter, or press ? or * to list all spells.
Your paws begin to glow red.
Crazy Yiuf hits you with a +4 quarterstaff of chaos!
Ouch! That really hurt!
Crazy Yiuf freezes you.
Crazy Yiuf hits you with a +4 quarterstaff of chaos!
You die...
You are now level 4!
You rejoin the land of the living...
Unknown command.
Crazy Yiuf shouts!
(D) Dungeon
Where to? (Enter - D:3, ? - help)
Okay, then.
Casting: Confusing Touch (safe; 1% risk of failure)
Confirm with . or Enter, or press ? or * to list all spells.
Your paws begin to glow red.
Unknown command.
You closely miss Crazy Yiuf.
Crazy Yiuf is severely wounded.
Crazy Yiuf hits you with a +4 quarterstaff of chaos!
Ouch! That really hurt!
* * * LOW HITPOINT WARNING * * *
You are lethally poisoned!
You closely miss Crazy Yiuf.
Crazy Yiuf is severely wounded.
You die...

#...# ♣....♣ #.###.##.....
##..# #....# #............
#..# #+..'# #####........
##..####....# ###..#...
#...........# #......
#..####.###.# #..####
#..####.# #.# #..####
#.......# #g# #......
#.####..###@## #..####
#.##.........# ######..# #
#.##)#..###..# #.......# #
#.##.#..# #..####.#####.####
#.##.#.<###..#....[.........
#..................####.####
###..#.............# #.#
#..##.####.#.###.# #.#
#.....# #.#.# #.# #.#


You could see Crazy Yiuf.

Vanquished Creatures
  A howler monkey (D:4)
  3 adders
  2 worms
  3 dart slugs
  7 endoplasms
  5 giant cockroaches
  17 goblins
  9 hobgoblins
  10 jackals
  3 quokkas
  4 ball pythons
  4 bats
  A frilled lizard (D:3)
  A kobold (D:3)
  5 rats
75 creatures vanquished.

Notes
Turn   | Place    | Note
-------+----------+-------------------------------------------
     0 | D:1      | 112233 the Felid Enchanter began the quest for the Orb.
     0 | D:1      | Reached XP level 1. HP: 7/7 MP: 4/4
    44 | D:1      | Reached skill level 5 in Hexes
    55 | D:1      | Reached XP level 2. HP: 11/11 MP: 6/6
   794 | D:2      | Learned a level 2 spell: Ensorcelled Hibernation
  1174 | D:1      | Reached skill level 6 in Hexes
  1335 | D:1      | Reached XP level 3. HP: 14/14 MP: 5/7
  1844 | D:2      | Identified the +6 rapier of Esiwos {freeze, rF+ rC+ rCorr
                  | Dex-5}
  1855 | D:2      | Gained mutation: You are frail. (-10% HP) [potion of
                  | mutation]
  1855 | D:2      | Gained mutation: You expend magic power (3 MP) to
                  | strengthen your wands. [potion of mutation]
  1855 | D:2      | Gained mutation: You have a pair of small horns on your
                  | head. [potion of mutation]
  2314 | D:3      | Learned a level 3 spell: Confusing Touch
  2475 | D:3      | You fall into a shaft and drop 2 floors!
  2475 | D:5      | Entered Level 5 of the Dungeon
  2543 | D:4      | Noticed a phantom
  2546 | D:4      | Reached XP level 4. HP: 16/16 MP: 5/8
  2607 | D:5      | Noticed a scorpion
  2608 | D:5      | Noticed a necrophage
  2880 | D:3      | Reached skill level 1 in Fighting
  3206 | D:3      | Found a runed translucent door.
  3207 | D:3      | Noticed Crazy Yiuf
  4172 | D:2      | Reached XP level 5. HP: 19/19 MP: 6/9
  4574 | D:2      | Reached skill level 7 in Hexes
  4626 | D:2      | Learned a level 3 spell: Tukima's Dance
  5007 | D:3      | Slain by Crazy Yiuf
  5008 | D:3      | Reached XP level 4. HP: -1/17 MP: 2/8
  5030 | D:3      | Succumbed to Crazy Yiuf's poison

Illustrated notes

Levels and vault maps discovered:
D:1:      reono_arrival_forest_river, layout_rooms
D:2:      layout_loops_ring, kennysheep_small_spiral, minmay_goblin_outpost
D:3:      layout_loops_ring, gup_sewer_entry_bubbles, uniq_crazy_yiuf_cottage
D:4:      layout_loops_ring, lemuel_crystal_altar,
          minmay_temple_entry_stoned_glass
D:5:      layout_rooms

Skill      XL: |  1  2  3  4  5 |
---------------+----------------+-----
Hexes          | 5 6 7 |  7.0
Dodging        | 3 4 |  4.1
Fighting       | 1 |  1.2
Stealth        | |  4.0
Unarmed Combat | |  1.0
Spellcasting   | |  2.6

Action                   |  1- 3 |  4- 6 || total
-------------------------+-------+-------++-------
Melee: Unarmed           |   110 |    89 ||   199
       Punch             |     4 |     1 ||     5
       Bite              |     8 |    11 ||    19
       Headbutt          |     1 |    15 ||    16
 Cast: Ensorcelled Hiber |    15 |    27 ||    42
       Confusing Touch   |       |     4 ||     4
  Use: Potion            |     2 |     1 ||     3
 Stab: Sleeping          |    20 |    23 ||    43
Armor: Skin              |     6 |     3 ||     9
Dodge: Dodged            |   122 |    52 ||   174
